 Dungeon Crawl Stone Soup version 0.32-a0-43-g058985b245 (webtiles) character file.

Game seed: 6419146390580420120

858 Atlas the Firebug (level 7, -4/46 HPs)
             Began as a Demonspawn Fire Elementalist on Feb 4, 2024.
             Slain by an ice beast (12 damage)
             ... on level 4 of the Dungeon.
             The game lasted 00:05:28 (5492 turns).

Atlas the Firebug (Demonspawn Fire Elementalist)    Turns: 5492, Time: 00:05:28

Health: -4/46      AC:  6    Str:  8    XL:     7   Next: 71%
Magic:  0/14       EV: 11    Int: 18    God:
Gold:   268        SH:  0    Dex: 25    Spells: 8/15 levels left

rFire   . . .        p - +0 dagger (elec)
rCold   . . .        (no shield)
rNeg    + . .        u - +0 ring mail of Eqacu {rN+ Regen+}
rPois   .            (no helmet)
rElec   .            q - +0 cloak
rCorr   .            (no gloves)
SInv    .            (no boots)
Will    .....        (no amulet)
Stlth   ++           a - +6 ring of dexterity
HPRegen 1.07/turn    k - +6 ring of dexterity
MPRegen 0.14/turn

%: no passive effects
@: no status effects
A: claws 2, spiny 1
a: no special abilities


You were on level 4 of the Dungeon.
You visited 1 branch of the dungeon, and saw 5 of its levels.
You also visited: Ossuary.

You collected 268 gold pieces.

Inventory:

Hand Weapons
 p - a +0 dagger of electrocution (weapon)
Armour
 e - a +0 leather armour
 q - a +0 cloak (worn)
 u - the +0 ring mail of Eqacu (worn) {rN+ Regen+}
   (You found it on level 4 of the Dungeon)

   rN+:       It protects you from negative energy.
   Regen+:    It increases your rate of health regeneration.
Jewellery
 a - a +6 ring of dexterity (left claw)
 k - a +6 ring of dexterity (right claw)
Scrolls
 g - 2 scrolls of blinking {unknown}
 j - 2 scrolls of enchant weapon {unknown}
 l - 2 scrolls of fog {unknown}
 n - a scroll of amnesia {unknown}
 o - 4 scrolls of identify {unknown}
 r - a scroll of vulnerability {unknown}
 v - a scroll of poison
 x - a scroll of fear {unknown}
Potions
 b - a potion of magic
 c - 2 potions of mutation
 d - 2 potions of might {unknown}
 h - 4 potions of curing
 i - 2 potions of heal wounds {unknown}
 m - a potion of attraction {unknown}
 s - 2 potions of haste {unknown}
 t - 2 potions of cancellation {unknown}
 w - 2 potions of resistance {unknown}
 z - 2 potions of enlightenment {unknown}


   Skills:
 + Level 0.1 Fighting
 + Level 1.1 Short Blades
 + Level 1.5 Armour
 + Level 2.1 Dodging
 - Level 2.2 Stealth
 + Level 0.1 Unarmed Combat
 + Level 4.9 Spellcasting
 + Level 4.0 Conjurations
 + Level 5.1 Fire Magic


You had 8 spell levels left.
You knew the following spells:

 Your Spells              Type           Power      Damage    Failure   Level
a - Scorch                Fire           46%        2d6       7%          2
b - Foxfire               Conj/Fire      84%        2x1d8     6%          1
c - Flame Wave            Conj/Fire      21%        2d8       52%         4

Your spell library contained the following spells:

 Spells                   Type           Power      Damage    Failure   Level
 Shock                    Conj/Air       44%        1d5       17%         1
 Inner Flame              Hex/Fire       13%        N/A       38%         3
 Volatile Blastmotes      Fire/Tloc      26%        2d12      38%         3
 Cigotuvi's Dreadful Rot  Necr/Alch/Air  8%         N/A       52%         2
 Lesser Beckoning         Tloc           8%         N/A       52%         2
 Gell's Gravitas          Tloc           4%         N/A       77%         3
 Swiftness                Air            4%         N/A       77%         3
 Teleport Other           Tloc           4%         N/A       77%         3
 Ignite Poison            Fire/Alch      13%        N/A       80%         4
 Airstrike                Air            2%         2d(1-17)  99%         4
 Freezing Cloud           Conj/Ice/Air   4%         6-21      99%         5


Dungeon Overview and Level Annotations

Branches:
Dungeon (5/15)            Ossuary (visited)
 Temple: D:4-7

Altars:
Dithmenos

Annotations:
D:5 Pikel


Innate Abilities, Weirdness & Mutations

You have very sharp fingernails.
You are partially covered in sharp spines.


Message History

You hit the ice beast but do no damage.
The ice beast is lightly wounded.
You feel sick.
You are no longer poisoned.
The ice beast barely misses you.
You hit the ice beast but do no damage.
The ice beast is lightly wounded.
The ice beast hits you. The ice beast freezes you!
* * * LOW HITPOINT WARNING * * *
You closely miss the ice beast.
The ice beast is lightly wounded.
The ice beast closely misses you.
Casting: Foxfire (safe; 6% risk of failure)
Confirm with . or Enter, or press ? or * to list all spells.
Flames lash the ice beast.
The ice beast melts!
The ice beast is lightly wounded.
The ice beast's fire resistance burns away.
The ice beast hits you but does no damage.
It was a potion of curing.
You feel better.
The ice beast hits you but does no damage.
You barely miss the ice beast.
You claw the ice beast, but do no damage.
The ice beast is lightly wounded.
The ice beast hits you but does no damage.
You hit the ice beast but do no damage.
The ice beast is lightly wounded.
The ice beast is no longer more vulnerable to fire.
The ice beast hits you. The ice beast freezes you!
* * * LOW HITPOINT WARNING * * *
You hit the ice beast.
The ice beast is lightly wounded.
You hit the ice beast but do no damage.
The ice beast is lightly wounded.
The ice beast closely misses you.
Casting: Scorch (safe; 7% risk of failure)
Confirm with . or Enter, or press ? or * to list all spells.
You conjure some foxfire!
The ice beast hits you.
* * * LOW HITPOINT WARNING * * *
The ice beast freezes you!
You die...

### #.###########
#........†...
#.########### #.#
########.#
#........# #########
#........###........
#..@v...............
#..Yv....###...[....
#...................
#........###....<...
#........# #.##.....
#........# #.##.....
#........# #.##.....
#........# #.##.....
##........#
#>#####..


You could see an ice beast (ally target).

Vanquished Creatures
  Eustachio (D:5)
  A lemure (D:5)
  An elf zombie (Ossuary)
  A scorpion (D:5)
  2 burial acolytes (Ossuary)
  A jelly (D:4)
  3 hounds (D:5)
  2 bombardier beetles
  An iguana (D:4)
  Ijyb (D:5)
  4 orc wizards
  2 mummies (Ossuary)
  4 adders
  A ribbon worm (D:4)
  3 dart slugs
  17 orcs
  9 ball pythons
  3 endoplasms
  9 giant cockroaches
  2 gnoll zombies (Ossuary)
  6 goblins
  8 hobgoblins
  4 kobolds
  9 quokkas
  4 bats
  3 kobold zombies (Ossuary)
  2 orc zombies (Ossuary)
  3 rats
107 creatures vanquished.

Vanquished Creatures (others)
  368 foxfires
368 creatures vanquished.

Grand Total: 475 creatures vanquished

Notes
Turn   | Place    | Note
-------+----------+-------------------------------------------
     0 | D:1      | Atlas the Demonspawn Fire Elementalist began the quest for
                  | the Orb.
     0 | D:1      | Reached XP level 1. HP: 13/13 MP: 3/3
   187 | D:1      | Reached skill level 3 in Fire Magic
   232 | D:1      | Gained mutation: You have sharp fingernails. [demonic
                  | ancestry]
   232 | D:1      | Reached XP level 2. HP: 17/19 MP: 0/5
  1054 | D:1      | Found a faded altar of an unknown god.
  1494 | D:2      | Reached XP level 3. HP: 22/24 MP: 2/6
  1497 | D:2      | Learned a level 2 spell: Scorch
  2712 | D:3      | Gained mutation: You are partially covered in sharp spines.
                  | [demonic ancestry]
  2712 | D:3      | Reached XP level 4. HP: 30/30 MP: 5/8
  3098 | D:3      | Found a shadowy altar of Dithmenos.
  3757 | D:4      | Gained mutation: You have very sharp fingernails. [demonic
                  | ancestry]
  3757 | D:4      | Reached XP level 5. HP: 24/35 MP: 0/10
  3958 | D:3      | Learned a level 4 spell: Flame Wave
  3968 | D:4      | Reached skill level 4 in Fire Magic
  4301 | D:4      | Identified the +0 ring mail of Eqacu {rN+ Regen+}
  4348 | D:4      | Reached XP level 6. HP: 41/41 MP: 3/11
  4692 | D:5      | Entered Level 5 of the Dungeon
  4695 | D:5      | Noticed Pikel
  4907 | D:5      | Noticed Eustachio
  4907 | D:5      | Found a sand-covered staircase.
  4916 | D:5      | Killed Eustachio
  4917 | D:5      | Reached skill level 1 in Armour
  4917 | D:5      | Reached XP level 7. HP: 39/46 MP: 1/13
  4920 | Ossuary  | Entered an ossuary
  5461 | D:5      | Noticed Ijyb
  5466 | D:5      | Killed Ijyb
  5467 | D:5      | Reached skill level 5 in Fire Magic
  5473 | D:5      | Reached skill level 1 in Short Blades
  5492 | D:4      | Slain by an ice beast

Illustrated notes

Levels and vault maps discovered:
D:1:      dpeg_arrival_tiny_d, layout_loops_ring,
          shapermc_ecumenical_altar_notcrosses, minmay_worlds_worst_comb
D:2:      layout_loops_ring
D:3:      layout_basic, nicolae_dithmenos_shadow_blocks,
          mainiacjoe_overflow_six_doors_small
D:4:      layout_basic
D:5:      minmay_clustersquares, layout_rooms, enter_ossuary_1,
          chequers_serial_rivers_small_b, nicolae_wormholes, uniq_eustachio,
          uniq_sigmund, uniq_pikel, uniq_ijyb

Skill      XL: |  1  2  3  4  5  6  7 |
---------------+----------------------+-----
Fire Magic     | 3 4 5 |  5.1
Stealth        | 2 |  2.2
Spellcasting   | 3 4 |  4.9
Conjurations   | 2 4 |  4.0
Armour         | 1 |  1.5
Dodging        | 2 |  2.1
Short Blades   | 1 |  1.1
Fighting       | |  0.1
Unarmed Combat | |  0.1

Action                     |  1- 3 |  4- 6 |  7- 9 || total
---------------------------+-------+-------+-------++-------
  Melee: Unarmed           |    26 |       |       ||    26
         Dagger            |     2 |    20 |    19 ||    41
         Punch             |       |     1 |     1 ||     2
   Cast: Foxfire           |    79 |   127 |    16 ||   222
         Scorch            |    13 |    12 |    19 ||    44
    Use: Potion            |       |       |     1 ||     1
 Armour: Robe              |    12 |       |       ||    12
         Leather armour    |    16 |     6 |       ||    22
         Ring mail         |       |    11 |    22 ||    33
  Dodge: Dodged            |    25 |    12 |     9 ||    46

Table legend: (Time is in decaauts)
 A = Elapsed time spent in this place.
 B = Non-inter-level travel time spent in this place.
 C = Inter-level travel time spent in this place.
 D = Time resting spent in this place.
 E = Time spent auto-exploring this place.
 F = Levels seen in this place.
 G = Mean time per level.
                   A        B        C        D        E       F      G
               +--------+--------+--------+--------+--------+-----+--------+
         Total |   5491 |   5371 |    120 |    190 |   4446 |   6 |  915.2 |
       Dungeon |   4952 |   4832 |    120 |    190 |   3976 |   5 |  990.4 |
       Ossuary |    538 |    538 |      0 |      0 |    470 |   1 |  538.0 |
               +--------+--------+--------+--------+--------+-----+--------+

Top non-repeatable levels by time:
     D:4: 1447 daAuts
     D:1: 1394 daAuts
     D:2: 1128 daAuts
     D:3: 911 daAuts
 Ossuary: 538 daAuts
     D:5: 70 daAuts
